 Dungeon Crawl Stone Soup version 0.29.1-2-gbd0b4ee654 (webtiles) character file.

Game seed: 2518278953330321289

72 KittyFluff the Cudgeller (level 4, 0/29 HPs)
             Began as a Gargoyle Berserker on Nov 12, 2022.
             Was a Believer of Trog.
             Killed by nerve-wracking pain
             ... invoked by Grinder
              (6 damage)
             ... on level 3 of the Dungeon.
             The game lasted 00:07:38 (1696 turns).

KittyFluff the Cudgeller (Gargoyle Berserker)       Turns: 1696, Time: 00:07:38

Health: 0/29       AC:  5    Str: 21    XL:     4   Next: 25%
Magic:  4/4        EV: 12    Int:  7    God:    Trog [**....]
Gold:   3          SH:  0    Dex: 11    Spells: 3/3 levels left

rFire   . . .      SeeInvis .   a - +0 mace
rCold   . . .      Faith    .   (no shield)
rNeg    + . .      Spirit   .   b - +0 animal skin
rPois   ∞          Reflect  .   (no helmet)
rElec   +          Harm     .   (no cloak)
rCorr   .          Rampage  .   (no gloves)
Will    .....                   (no boots)
Stlth   +.........              (no amulet)
HPRegen 0.09/turn               (no ring)
MPRegen 0.09/turn               (no ring)

@: no status effects
A: sickness immunity, AC +3, negative energy resistance 1, electricity
resistance, torment resistance 1, petrification resistance
a: Renounce Religion, Berserk, Trog's Hand


You were on level 3 of the Dungeon.
You worshipped Trog.
Trog was pleased with you.
You visited 1 branch of the dungeon, and saw 3 of its levels.

You collected 128 gold pieces.
You spent 125 gold pieces at shops.

Inventory:

Hand Weapons
 a - a +0 mace (weapon)
Armour
 b - a +0 animal skin (worn)
Magical Staves
 c - a staff of conjuration
Scrolls
 g - a scroll of silence {unknown}
 h - a scroll of amnesia {unknown}
 i - 2 scrolls of teleportation {unknown}
 m - a scroll of blinking
 n - a scroll of noise
Potions
 d - a potion of heal wounds
 e - a potion of attraction
 f - a potion of berserk rage {unknown}
 j - a potion of mutation {unknown}
 k - a potion of might {unknown}
 l - a potion of ambrosia {unknown}


   Skills:
 + Level 3.8 Fighting
 + Level 3.9 Maces & Flails
 * Level 3.0 Armour
 + Level 1.9 Dodging
 + Level 0.2 Stealth


You had 3 spell levels left.
You didn't know any spells.
Your spell library was empty.

Dungeon Overview and Level Annotations

Branches:
Dungeon (3/15)

Altars:

Shops:
D:1 (   D:2 ?

Annotations:
D:3 Grinder


Innate Abilities, Weirdness & Mutations

You are immune to sickness and miasma.
Your stone body is resilient. (AC +3)
You are immune to poison.
You resist negative energy. (rN+)
You are resistant to electric shocks. (rElec)
You are resistant to unholy torment.
You are immune to petrification.


Message History

Grinder gestures at you. You resist with significant effort.
Grinder gestures at you.
You suddenly lose the ability to move!
Grinder hits you but does no damage.
Grinder blinks!
Grinder says, "Mostly I couldn't keep them alive."
You can move again.
You sock the hobgoblin!
You kill the hobgoblin!
Trog accepts your kill. Grinder gestures at you.
You barely resist. You hit Grinder.
Grinder is moderately wounded.
Grinder hits you. x2
You sock Grinder!
Grinder is heavily wounded.
Grinder hits you.
* * * LOW HITPOINT WARNING * * *
Grinder blinks!
You hit Grinder but do no damage.
Grinder is heavily wounded.
Grinder blinks!
Grinder says, "Don't move a muscle."
You hit Grinder.
Grinder is heavily wounded.
Grinder gestures at you. You resist with significant effort.
Grinder blinks!
You hit Grinder but do no damage.
Grinder is heavily wounded.
Grinder barely misses you. Grinder gestures at you.
Pain shoots through your body!
* * * LOW HITPOINT WARNING * * *
You hit Grinder.
Grinder is heavily wounded.
Grinder gestures at you. Pain shoots through your body!
You die...

..... #... .... ...
..# # #.#.# #.###.#.#
#.......# #+#
#####@### #.#
#####5##### #.#
#.........#####.######
#.###.......##.......
#.#######.#.#.....#
#.........#.##....#
###########.###.#.##.#
#..........#
#####.#.####


You could see Grinder (fast).

Vanquished Creatures
  3 adders (D:2)
  A worm (D:2)
  3 dart slugs
  5 bats
  3 endoplasms
  A giant cockroach (D:2)
  4 goblins
  5 hobgoblins
  4 ball pythons
  A frilled lizard (D:2)
  4 kobolds
  3 rats
37 creatures vanquished.

Notes
Turn   | Place    | Note
-------+----------+-------------------------------------------
     0 | D:1      | KittyFluff the Gargoyle Berserker began the quest for the
                  | Orb.
     0 | D:1      | Reached XP level 1. HP: 14/14 MP: 1/1
   184 | D:1      | Reached XP level 2. HP: 15/19 MP: 2/2
   363 | D:1      | Found a faded altar of an unknown god.
   405 | D:1      | Found Uju Ime's Weapon Emporium.
   643 | D:2      | Found Wukogho's Magic Scroll Shop.
   666 | D:2      | Reached XP level 3. HP: 23/23 MP: 3/3
   726 | D:2      | Bought a scroll of identify for 20 gold pieces
  1256 | D:2      | Reached XP level 4. HP: 25/29 MP: 4/4
  1524 | D:3      | Reached ** piety under Trog
  1544 | D:2      | Bought a scroll of identify for 20 gold pieces
  1544 | D:2      | Bought a scroll of blinking for 75 gold pieces
  1544 | D:2      | Bought a scroll of noise for 10 gold pieces
  1675 | D:3      | Noticed Grinder
  1680 | D:3      | Paralysed by Grinder for 3 turns
  1696 | D:3      | Killed from afar by Grinder

Illustrated notes

Levels and vault maps discovered:
D:1:      ebering_trefoil_3fold, layout_basic, serial_shops,
          nicolae_shop_bloodbath_and_beyond, ebering_ecumenical_altar_petrified
D:2:      layout_rooms, serial_shops, shop, grunt_ministairs_10,
          minmay_misc_feat_cross, dreamdust_wishing_well
D:3:      layout_loops_corners, uniq_natasha, uniq_jessica, uniq_robin,
          uniq_terence, uniq_grinder

Skill      XL: |  1  2  3  4 |
---------------+-------------+-----
Armour         | 3 |  3.0
Fighting       | |  3.8
Maces & Flails | |  3.9
Dodging        | |  1.9
Stealth        | |  0.2

Action                   |  1- 3 |  4- 6 || total
-------------------------+-------+-------++-------
Melee: Mace              |    68 |    35 ||   103
Invok: Berserk           |     1 |       ||     1
  Use: Scroll            |       |     2 ||     2
Armor: Animal skin       |    38 |    17 ||    55
Dodge: Dodged            |    48 |    21 ||    69
